 Dungeon Crawl Stone Soup version 0.19.4-8-ga85b6b9 (webtiles) character file.

674 LORDOFBUTT the Sneak (level 7, -2/32 HPs)
             Began as a Spriggan Enchanter on Feb 11, 2017.
             Killed by divine providence
             ... invoked by an orc priest
              (16 damage)
             ... on level 4 of the Dungeon.
             The game lasted 00:10:32 (4860 turns).

LORDOFBUTT the Sneak (Spriggan Enchanter)           Turns: 4860, Time: 00:10:33

Health: -2/32      AC:  3    Str:  6    XL:     7   Next: 33%
Magic:  13/17      EV: 18    Int: 16    God:
Gold:   185        SH:  0    Dex: 17    Spells: 2 memorised, 13 levels left

rFire  . . .     SeeInvis +     j - +1 rapier
rCold  . . .     Gourm    .     b - +1 robe
rNeg   . . .     Faith    .     (shield restricted)
rPois  .         Spirit   .     (helmet restricted)
rElec  .         Reflect  .     (no cloak)
rCorr  .         Harm     .     (gloves unavailable)
MR     +....                    (boots unavailable)
Stlth  ++++......               (no amulet)
                                (no ring)
                                (no ring)

@: very slightly contaminated, very quick
A: unfitting armour, see invisible, herbivore 3, speed 3, slow metabolism 2
a: no special abilities


You were on level 4 of the Dungeon.
You were full.

You visited 1 branch of the dungeon, and saw 4 of its levels.

You collected 185 gold pieces.

Inventory:

Hand Weapons
 j - a +1 rapier (weapon)
Missiles
 p - a tomahawk of dispersal (quivered)
Armour
 b - a +1 robe (worn)
Jewellery
 a - an uncursed amulet of magic regeneration {unknown}
 t - an uncursed ring of teleportation
Scrolls
 g - 2 scrolls of identify
Potions
 e - a potion of heal wounds {unknown}
 f - a potion of cancellation {unknown}
 i - a potion of might {unknown}
 k - a potion of lignification {unknown}
 l - a potion of haste {unknown}
 m - a potion of mutation {unknown}
 n - 6 potions of curing
 o - 3 potions of berserk rage
 q - 3 potions of flight
Books
 c - a book of Maledictions

   Spells                             Type                      Level
   a - Corona                         Hexes                        1
   b - Ensorcelled Hibernation        Hexes/Ice                    2
   c - Confuse                        Hexes                        3
   d - Tukima's Dance                 Hexes                        3
   e - Dazzling Spray                 Conjuration/Hexes            3
Comestibles
 d - 4 bread rations
 h - 2 fruits


   Skills:
 + Level 2.1 Short Blades
 - Level 3.0 Dodging
 + Level 7.2 Stealth
 * Level 6.2 Spellcasting
 * Level 6.7 Hexes
 - Level 1.2 Ice Magic


You had 13 spell levels left.
You knew the following spells:

 Your Spells              Type           Power        Failure   Level  Hunger
b - Ensorcelled Hibernat  Hex/Ice        ###...       4%          2    #......
c - Confuse               Hex            ####....     2%          3    ##.....


Dungeon Overview and Level Annotations

Branches:
Dungeon (4/15)
 Temple: D:4-7

Altars:
Trog

Annotations:
D:4 Natasha


Innate Abilities, Weirdness & Mutations

You are very small and have problems with some larger weapons.
You are too small for most types of armour.
You have supernaturally acute eyesight. (SInv)
You are a herbivore.
You cover ground extremely quickly.
You need consume almost no food.


Message History

Aim: an orc priest, wielding a short sword (chance to defeat MR: 48%)
The orc priest resists with some effort.
The orc throws a stone.
The stone hits you. The orc closely misses you.
An ooze comes into view.
As you read the scroll labeled AKHLYIF BEHO, it crumbles to dust.
It is a scroll of enchant weapon.
Your +0 rapier glows red for a moment.
The orc throws a stone.
The stone hits you but does no damage. The orc priest barely misses you.
The orc misses you.
The white imp shouts, "Face thy requiem, thou frothy ditch-delivered creepsneak!"
A jackal comes into view.
The orc throws a stone.
The stone hits you.
The orc priest looks satisfied for a moment.
A jackal comes into view.
You see here a stone.
The orc throws a stone.
The stone completely misses you.
The orc priest calls down the wrath of Beogh upon you.
Beogh smites you!
Ouch! That really hurt!
You die...

#.............###.
#.............#...
#.............#...
#.............#... #
#.............'... #####.
#.............##.. ....'.
#.....##'#.....###
..o.#'###...$.#..#.....#
.........@....#..#.....#
........(.....#..#.....#
....s.ooh.....#..#.....#
..J.....5(....####.....###
#######'###'####.###......
.... .... #...#...... ...
.h... .....#...'...... ...
#############..##...... .#
#....##..#.....##


You could see an orc priest, Natasha, an ooze (wandering), a white imp, 2 orcs,
a jackal and a giant cockroach.

Vanquished Creatures
  A phantom (D:4)
  An ogre (D:2)
  3 hounds (D:4)
  3 orc wizards (D:4)
  4 orc priests
  A centaur skeleton (D:4)
  Natasha (D:4)
  2 worker ants (D:4)
  An adder (D:4)
  2 worms
  2 dart slugs (D:1)
  14 orcs
  7 giant cockroaches
  7 goblins
  8 hobgoblins
  6 jackals
  3 kobolds
  4 bats
  5 frilled lizards
  9 rats
84 creatures vanquished.

Notes
Turn   | Place    | Note
-------+----------+-------------------------------------------
     0 | D:1      | LORDOFBUTT the Spriggan Enchanter began the quest for the Orb.
     0 | D:1      | Reached XP level 1. HP: 9/9 MP: 5/5
   452 | D:1      | Reached XP level 2. HP: 12/13 MP: 6/6
   638 | D:1      | Reached skill level 5 in Stealth
  1220 | D:2      | Reached XP level 3. HP: 16/16 MP: 8/8
  1224 | D:2      | Learned a level 2 spell: Ensorcelled Hibernation
  1228 | D:2      | Learned a level 3 spell: Confuse
  1596 | D:2      | Noticed an ogre
  1773 | D:2      | Killed an ogre
  1773 | D:2      | Reached skill level 1 in Ice Magic
  1773 | D:2      | Reached XP level 4. HP: 21/21 MP: 1/10
  1969 | D:2      | Found a bloodstained altar of Trog.
  2081 | D:3      | Reached XP level 5. HP: 24/24 MP: 12/12
  2375 | D:3      | Reached skill level 6 in Stealth
  2733 | D:3      | Reached skill level 5 in Hexes
  2890 | D:4      | Noticed an ice beast
  3334 | D:4      | Noticed a phantom
  3386 | D:4      | Reached XP level 6. HP: 12/28 MP: 8/14
  3497 | D:4      | Reached skill level 5 in Spellcasting
  3950 | D:4      | Reached XP level 7. HP: 9/32 MP: 11/16
  3955 | D:4      | Reached skill level 7 in Stealth
  4021 | D:4      | Noticed Natasha
  4039 | D:4      | Killed Natasha
  4852 | D:4      | Noticed Natasha
  4860 | D:4      | Killed from afar by an orc priest

Skill      XL: |  1  2  3  4  5  6  7 |
---------------+----------------------+-----
Stealth        | 5 6 7 |  7.2
Spellcasting   | 3 4 5 6 |  6.2
Hexes          | 4 5 6 |  6.7
Ice Magic      | 1 |  1.2
Short Blades   | 2 |  2.1
Dodging        | |  3.0

Action                   |  1- 3 |  4- 6 |  7- 9 || total
-------------------------+-------+-------+-------++-------
Melee: Dagger            |   138 |   103 |       ||   241
       Rapier            |       |    60 |    48 ||   108
 Cast: Ensorcelled Hiber |     7 |    20 |    12 ||    39
       Confuse           |     5 |     4 |       ||     9
  Use: Scroll            |       |     7 |     1 ||     8
 Stab: Sleeping          |     8 |    16 |     8 ||    32
       Confused          |     3 |     6 |       ||     9
       Distracted        |       |     1 |       ||     1
  Eat: Fruit             |       |     3 |       ||     3
       Bread ration      |       |       |     1 ||     1
Armor: Robe              |    20 |    15 |     3 ||    38
Dodge: Dodged            |   119 |   112 |    59 ||   290
